 Dungeon Crawl Stone Soup version 0.21.1-1-g345015f (webtiles) character file.

920 tidbits the Digger (level 8, 1/57 HPs)
             Began as a Gnoll Earth Elementalist on Feb 8, 2018.
             Was an Initiate of Cheibriados.
             Quit the game on level 8 of the Dungeon.
             The game lasted 00:11:26 (1225 turns).

tidbits the Digger (Gnoll Earth Elementalist)       Turns: 1225, Time: 00:11:27

Health: 1/57       AC:  9    Str: 12    XL:     8   Next: 10%
Magic:  12/15      EV: 18    Int: 22    God:    Cheibriados [......]
Gold:   142        SH:  0    Dex: 17    Spells: 8/18 levels left

rFire    . . .     SeeInvis .   f - +2 mace (holy)
rCold    . . .     Gourm    .   (no shield)
rNeg     . . .     Faith    .   c - +0 robe
rPois    .         Spirit   .   (no helmet)
rElec    .         Reflect  .   (no cloak)
rCorr    .         Harm     .   (no gloves)
MR       .....                  F - +0 pair of boots
Stlth    ++++......             (no amulet)
HPRegen  0.19/turn              V - +3 ring of evasion
MPRegen  0.14/turn              n - ring of stealth

@: icy armour, hasted, quick
A: distributed training, fangs 1, clever 1, low mp 1, strong nose
a: Bend Time, Renounce Religion


You were on level 8 of the Dungeon.
You worshipped Cheibriados.
Cheibriados was noncommittal.
You were not hungry.

You visited 2 branches of the dungeon, and saw 9 of its levels.

You collected 142 gold pieces.

Inventory:

Hand Weapons
 a - a +0 dagger of draining
   (You found it on level 5 of the Dungeon)
 f - a +2 mace of holy wrath (weapon)
   (You found it on level 1 of the Dungeon)
 i - a +0 broad axe
 k - a +0 fustibalus
 m - a +0 dagger
 q - a +2 hand axe of flaming
   (You took it off a centaur on level 5 of the Dungeon)
 t - a +0 shortbow
 v - a +0 hand crossbow
Missiles
 b - 143 stones (quivered)
 o - 3 tomahawks
 r - 41 arrows
Armour
 c - a +0 robe (worn)
 F - a +0 pair of boots (worn)
Jewellery
 j - an uncursed ring of positive energy
   (You found it on level 3 of the Dungeon)
 n - a ring of stealth (right hand)
   (You found it on level 4 of the Dungeon)
 I - an uncursed ring of see invisible
   (You found it on level 4 of the Dungeon)
 V - a +3 ring of evasion (left hand)
   (You found it on level 5 of the Dungeon)
Wands
 u - a wand of scattershot (4)
Scrolls
 s - a scroll of enchant weapon
 w - a scroll of blinking {unknown}
 y - a scroll of fear {unknown}
 B - a scroll of amnesia {unknown}
Potions
 h - 2 potions of curing
 p - a potion of haste
Books
 e - a book of Geomancy

   Spells                             Type                      Level
   a - Sandblast                      Earth                        1
   b - Passwall                       Transmutation/Earth          2
   c - Stone Arrow                    Conjuration/Earth            3
   d - Petrify                        Transmutation/Earth          4
   e - Lee's Rapid Deconstruction     Earth                        5
 C - a book of Frost
   (You found it on level 7 of the Dungeon)

   Spells                             Type                      Level
   a - Freeze                         Ice                          1
   b - Throw Frost                    Conjuration/Ice              2
   c - Ozocubu's Armour               Charms/Ice                   3
   d - Throw Icicle                   Conjuration/Ice              4
   e - Summon Ice Beast               Ice/Summoning                4
Comestibles
 d - 5 rations


   Skills:
 + Level 2.9 Fighting
 + Level 2.9 Short Blades
 + Level 2.9 Long Blades
 + Level 2.9 Axes
 + Level 2.9 Maces & Flails
 + Level 2.9 Polearms
 + Level 2.9 Staves
 + Level 2.9 Slings
 + Level 2.9 Bows
 + Level 2.9 Crossbows
 + Level 2.9 Throwing
 + Level 2.9 Armour
 + Level 5.4 Dodging
 + Level 5.1 Stealth
 + Level 2.9 Shields
 + Level 2.9 Unarmed Combat
 + Level 5.8 Spellcasting
 + Level 2.3 Conjurations
 + Level 2.3 Hexes
 + Level 2.3 Charms
 + Level 2.3 Summonings
 + Level 2.3 Necromancy
 + Level 2.3 Translocations
 + Level 3.2 Transmutations
 + Level 2.3 Fire Magic
 + Level 2.3 Ice Magic
 + Level 2.3 Air Magic
 + Level 6.0 Earth Magic
 + Level 2.3 Poison Magic
 + Level 3.2 Invocations
 + Level 2.9 Evocations


You had 8 spell levels left.
You knew the following spells:

 Your Spells              Type           Power        Failure   Level  Hunger
a - Sandblast             Erth           ####..       1%          1    None
e - Petrify               Tmut/Erth      ####....     14%         4    ####...
o - Ozocubu's Armour      Chrm/Ice       ###.....     11%         3    ##.....
p - Passwall              Tmut/Erth      ####......   1%          2    None


Dungeon Overview and Level Annotations

Branches:
Dungeon (8/15)             Temple (1/1) D:6
   Lair: D:8-11

Altars:
Ashenzari
Cheibriados
Dithmenos
Fedhas
Gozag
Hepliaklqana
Ru
Trog
Uskayaw
Vehumet
Wu Jian
Zin
The Shining One

Annotations:
D:8 Lovchig's ghost, novice DDFi


Innate Abilities, Weirdness & Mutations

Your experience applies equally to all skills.
You have very sharp teeth.
Your uncanny sense of smell can sniff out nearby items.
Your mind is acute. (Int +2)
Your magical capacity is low. (-10% MP)


Message History

Memorise Ozocubu's Armour, consuming 3 spell levels and leaving 8?
You start memorising the spell.
You continue memorising. x3
You finish memorising.
Spell assigned to 'o'.
You see here a scroll of remove curse.
As you read the scroll of remove curse, it crumbles to dust.
You feel as if something is helping you.
Drop what? 30/52 slots (_ for help) (? for menu, Esc to quit)
You remove your -3 ring of protection.
You drop a -3 ring of protection.
You remove your -2 ring of dexterity.
You feel agile.
You drop a -2 ring of dexterity.
Put on which piece of jewellery? (? for menu, Esc to quit)
A - a +3 ring of evasion (left hand) Adjust (i)tems, (s)pells, or (a)bilities?
Adjust which item? (? for menu, Esc to quit)
A - a +3 ring of evasion (left hand) Adjust to which letter? (? for menu, Esc to quit)
V - a +3 ring of evasion (left hand) Put on which piece of jewellery? (? for menu, Esc to quit)
n - a ring of stealth (right hand) Adjust (i)tems, (s)pells, or (a)bilities?
Adjust which item? (? for menu, Esc to quit)
l - an uncursed ring of see invisible Adjust to which letter? (? for menu, Esc to quit)
I - an uncursed ring of see invisible You see here 20 stones.
b - 145 stones (gained 20)
There is a stone staircase leading up here.
You climb upwards.
There is a stone staircase leading down here.
Unknown command.
You climb downwards.
There is a stone staircase leading up here.
Unknown command.
There is a stone staircase leading down here.
You climb downwards.
There is a stone staircase leading up here.
Unknown command.
A crimson imp comes into view.
The crimson imp shouts!
The crimson imp closely misses you. The crimson imp barely misses you.
Casting: Sandblast
Confirm with . or Enter, or press ? or * to list all spells.
Aiming: Sandblast
Press: ? - help, Shift-Dir - straight line, f - crimson imp
Aim: a crimson imp The blast of sand hits the crimson imp.
You kill the crimson imp!
Cheibriados appreciates the change of pace.
b - 144 stones
Casting: Sandblast
Confirm with . or Enter, or press ? or * to list all spells.
Which direction?
You begin to meditate on the wall.
You continue meditating on the rock. x3
You finish merging with the rock.
Found 24 stones.
Lovchig's ghost (novice Deep Dwarf Fighter) comes into view.
You see here 24 stones.
It was a potion of haste.
You feel yourself speed up.
Cheibriados forgives your accidental hurry, just this once.
Unknown command.
Wield which item (- for none, * to show all)? (? for menu, Esc to quit)
Your +2 mace of holy wrath softly glows with a divine radiance!
f - a +2 mace of holy wrath (weapon)
Casting: Passwall
Confirm with . or Enter, or press ? or * to list all spells.
A film of ice covers your body! Lovchig's ghost hits you.
Unknown command.
You hit Lovchig's ghost but do no damage.
It was a potion of mutation.
You feel extremely strange.
You feel less energetic.
You feel clever. Lovchig's ghost hits you!
You barely miss Lovchig's ghost.
Lovchig's ghost hits you but does no damage.
You hit Lovchig's ghost.
Lovchig's ghost convulses.
Lovchig's ghost is lightly damaged.
Lovchig's ghost hits you!
You hit Lovchig's ghost.
Lovchig's ghost convulses.
You bite Lovchig's ghost, but do no damage.
Lovchig's ghost is lightly damaged.
You closely miss Lovchig's ghost.
You bite Lovchig's ghost, but do no damage.
Lovchig's ghost is lightly damaged.
Lovchig's ghost hits you!
* * * LOW HITPOINT WARNING * * *
You hit Lovchig's ghost but do no damage.
Lovchig's ghost is lightly damaged.
Lovchig's ghost hits you but does no damage.
Casting: Ozocubu's Armour
Confirm with . or Enter, or press ? or * to list all spells.
Aiming: Sandblast
Press: ? - help, Shift-Dir - straight line, f - Lovchig's ghost
Aim: Lovchig's ghost (lightly damaged)
The blast of sand hits Lovchig's ghost.
Lovchig's ghost is lightly damaged.
b - 143 stones Lovchig's ghost hits you!
* * * LOW HITPOINT WARNING * * *
Are you sure you want to abandon this character and quit the game? (Confirm with "yes".)

########
#......#
#.####.# #.#
#.# ########.#
#.########
.........#
#.....<...
.#########
##########
#..########....
#......@W......
#..............
#..####..##.#.#
#. #..# # ...#
##.# ∆.. ...


You could see Lovchig's ghost.

Vanquished Creatures
  2 sky beasts
  A phantom (D:6)
  An ogre (D:5)
  A necrophage (D:7)
  A centaur (D:5)
  2 bullfrogs
  A howler monkey (D:5)
  2 crimson imps
  A quasit (D:4)
  A centaur skeleton (D:6)
  An iguana (D:4)
  A worker ant (D:7)
  2 adders (D:3)
  2 shadow imps
  An ooze (D:4)
  2 leopard geckos
  6 orcs
  2 giant cockroaches (D:3)
  A hobgoblin (D:3)
  3 jackals (D:1)
  3 kobolds
  3 quokkas
  A bat (D:3)
  2 frilled lizards
  2 goblins
  2 rats
47 creatures vanquished.

Notes
Turn   | Place    | Note
-------+----------+-------------------------------------------
     0 | D:1      | tidbits the Gnoll Earth Elementalist began the quest for the Orb.
     0 | D:1      | Reached XP level 1. HP: 13/13 MP: 6/6
    21 | D:1      | Reached skill level 2 in Transmutations
    23 | D:1      | Reached XP level 2. HP: 17/19 MP: 1/7
    28 | D:1      | Learned a level 2 spell: Passwall
   182 | D:2      | You fall through a shaft!
   204 | D:3      | Reached XP level 3. HP: 19/25 MP: 3/9
   206 | D:3      | Reached skill level 5 in Spellcasting
   230 | D:3      | Reached skill level 1 in Invocations
   272 | D:4      | Reached skill level 1 in Fighting
   272 | D:4      | Reached skill level 1 in Short Blades
   272 | D:4      | Reached skill level 1 in Long Blades
   272 | D:4      | Reached skill level 1 in Axes
   272 | D:4      | Reached skill level 1 in Maces & Flails
   272 | D:4      | Reached skill level 1 in Polearms
   272 | D:4      | Reached skill level 1 in Staves
   272 | D:4      | Reached skill level 1 in Slings
   272 | D:4      | Reached skill level 1 in Bows
   272 | D:4      | Reached skill level 1 in Crossbows
   272 | D:4      | Reached skill level 1 in Throwing
   272 | D:4      | Reached skill level 1 in Armour
   272 | D:4      | Reached skill level 1 in Shields
   272 | D:4      | Reached skill level 1 in Unarmed Combat
   272 | D:4      | Reached skill level 1 in Evocations
   272 | D:4      | Reached XP level 4. HP: 30/32 MP: 0/11
   322 | D:4      | Found a blossoming altar of Fedhas.
   382 | D:5      | Entered Level 5 of the Dungeon
   405 | D:4      | Reached skill level 1 in Conjurations
   405 | D:4      | Reached skill level 1 in Hexes
   405 | D:4      | Reached skill level 1 in Charms
   405 | D:4      | Reached skill level 1 in Summonings
   405 | D:4      | Reached skill level 1 in Necromancy
   405 | D:4      | Reached skill level 1 in Translocations
   405 | D:4      | Reached skill level 1 in Fire Magic
   405 | D:4      | Reached skill level 1 in Ice Magic
   405 | D:4      | Reached skill level 1 in Air Magic
   405 | D:4      | Reached skill level 1 in Poison Magic
   489 | D:5      | Noticed an ogre
   492 | D:5      | Killed an ogre
   492 | D:5      | Reached XP level 5. HP: 31/37 MP: 9/12
   513 | D:5      | Reached XP level 6. HP: 40/44 MP: 6/13
   517 | D:4      | Noticed a sky beast
   521 | D:4      | Reached skill level 2 in Invocations
   526 | D:4      | Killed a sky beast
   526 | D:4      | Reached skill level 2 in Fighting
   526 | D:4      | Reached skill level 2 in Short Blades
   526 | D:4      | Reached skill level 2 in Long Blades
   526 | D:4      | Reached skill level 2 in Axes
   526 | D:4      | Reached skill level 2 in Maces & Flails
   526 | D:4      | Reached skill level 2 in Polearms
   526 | D:4      | Reached skill level 2 in Staves
   526 | D:4      | Reached skill level 2 in Slings
   526 | D:4      | Reached skill level 2 in Bows
   526 | D:4      | Reached skill level 2 in Crossbows
   526 | D:4      | Reached skill level 2 in Throwing
   526 | D:4      | Reached skill level 2 in Armour
   526 | D:4      | Reached skill level 5 in Dodging
   526 | D:4      | Reached skill level 2 in Shields
   526 | D:4      | Reached skill level 2 in Unarmed Combat
   526 | D:4      | Reached skill level 2 in Evocations
   550 | D:5      | Learned a level 4 spell: Petrify
   553 | D:5      | Found a bloodstained altar of Trog.
   553 | D:5      | Noticed a moth of wrath
   623 | D:5      | Reached XP level 7. HP: 47/50 MP: 9/15
   631 | D:5      | Found a glowing golden altar of the Shining One.
   748 | D:6      | Reached skill level 2 in Conjurations
   748 | D:6      | Reached skill level 2 in Hexes
   748 | D:6      | Reached skill level 2 in Charms
   748 | D:6      | Reached skill level 2 in Summonings
   748 | D:6      | Reached skill level 2 in Necromancy
   748 | D:6      | Reached skill level 2 in Translocations
   748 | D:6      | Reached skill level 2 in Fire Magic
   748 | D:6      | Reached skill level 2 in Ice Magic
   748 | D:6      | Reached skill level 2 in Air Magic
   748 | D:6      | Reached skill level 2 in Poison Magic
   931 | D:6      | Found a staircase to the Ecumenical Temple.
   940 | Temple   | Entered the Ecumenical Temple
   968 | Temple   | Became a worshipper of Cheibriados the Contemplative
  1010 | D:6      | Reached skill level 3 in Transmutations
  1073 | D:6      | Reached skill level 5 in Stealth
  1073 | D:6      | Reached skill level 3 in Invocations
  1090 | D:7      | Found a glowing silver altar of Zin.
  1139 | D:7      | Reached skill level 6 in Earth Magic
  1139 | D:7      | Reached XP level 8. HP: 33/57 MP: 7/16
  1165 | D:7      | Learned a level 3 spell: Ozocubu's Armour
  1213 | D:8      | Noticed Lovchig's ghost (novice DDFi)
  1218 | D:8      | Gained mutation: Your magical capacity is low. (-10% MP) [potion of mutation]
  1218 | D:8      | Gained mutation: Your mind is acute. (Int +2) [potion of mutation]
  1224 | D:8      | HP: 1/57 [Lovchig's ghost (15)]
  1225 | D:8      | Quit the game

Skill      XL: |  1  2  3  4  5  6  7 |
---------------+----------------------+-----
Transmutations | 2 3 |  3.2
Spellcasting   | 5 |  5.8
Invocations    | 1 2 3 |  3.2
Fighting       | 1 2 |  2.9
Short Blades   | 1 2 |  2.9
Long Blades    | 1 2 |  2.9
Axes           | 1 2 |  2.9
Maces & Flails | 1 2 |  2.9
Polearms       | 1 2 |  2.9
Staves         | 1 2 |  2.9
Slings         | 1 2 |  2.9
Bows           | 1 2 |  2.9
Crossbows      | 1 2 |  2.9
Throwing       | 1 2 |  2.9
Armour         | 1 2 |  2.9
Shields        | 1 2 |  2.9
Unarmed Combat | 1 2 |  2.9
Evocations     | 1 2 |  2.9
Conjurations   | 1 2 |  2.3
Hexes          | 1 2 |  2.3
Charms         | 1 2 |  2.3
Summonings     | 1 2 |  2.3
Necromancy     | 1 2 |  2.3
Translocations | 1 2 |  2.3
Fire Magic     | 1 2 |  2.3
Ice Magic      | 1 2 |  2.3
Air Magic      | 1 2 |  2.3
Poison Magic   | 1 2 |  2.3
Dodging        | 5 |  5.4
Stealth        | 5 |  5.1
Earth Magic    | 6 |  6.0

Action                   |  1- 3 |  4- 6 |  7- 9 || total
-------------------------+-------+-------+-------++-------
Melee: Unarmed           |     3 |       |       ||     3
       Bite              |     1 |     1 |     3 ||     5
       Mace              |     9 |       |     6 ||    15
       Dagger            |       |     4 |     8 ||    12
 Cast: Sandblast         |    23 |    22 |    29 ||    74
       Passwall          |       |     3 |     8 ||    11
       Ozocubu's Armour  |       |       |     1 ||     1
  Use: Scroll            |     2 |     2 |     1 ||     5
       Potion            |       |       |     3 ||     3
 Stab: Sleeping          |     4 |     2 |     5 ||    11
  Eat: Ration            |       |       |     1 ||     1
Armor: Robe              |     6 |     3 |     3 ||    12
Dodge: Dodged            |    23 |    11 |    10 ||    44

Table legend:
 A = Turns spent in this place as a percentage of turns spent in the entire game.
 B = Non-inter-level travel turns spent in this place as a percentage of non-inter-level travel turns spent in the entire game.
 C = Inter-level travel turns spent in this place as a percentage of turns spent in this place.
 D = Turns resting spent in this place as a percentage of non-inter-level travel turns spent in this place.
 E = Turns spent auto-exploring this place as a percentage of non-inter-level travel turns spent in this place.
 F = Non-inter-level travel turns spent in this place divided by the number of levels of this place that you've seen.
                   A       B       C       D       E      F
               +-------+-------+-------+-------+-------+----------------------
         Total | 100.0 | 100.0 |   3.5 |   0.0 |   0.0 | 131.3
       Dungeon |  95.5 |  97.5 |   1.5 |   0.0 |   0.0 | 144.0
        Temple |   4.5 |   2.5 |  45.5 |   0.0 |   0.0 |  30.0
               +-------+-------+-------+-------+-------+----------------------

Table legend:
 A = Kills in this place as a percentage of kills in entire the game.
 B = Kills by you in this place as a percentage of kills by you in the entire game.
 C = Kills by friends in this place as a percentage of kills by friends in the entire game.
 D = Other kills in this place as a percentage of other kills in the entire game.
 E = Experience gained in this place as a percentage of experience gained in the entire game.
 F = Experience gained in this place divided by the number of levels of this place that you have seen.
                   A       B       C       D       E      F
               +-------+-------+-------+-------+-------+----------------------
         Total | 100.0 | 100.0 |   N/A |   N/A | 100.0 | 146.1
       Dungeon | 100.0 | 100.0 |   N/A |   N/A | 100.0 | 164.4
               +-------+-------+-------+-------+-------+----------------------

Vault maps used:
D:1:      dpeg_arrival_chambers_temple_mockup, serial_bayou_lagoon_a,
          st_stairs_3
D:2:      lemuel_doored_altar, uniq_jessica
D:4:      lemuel_round_altar, first_ration, serial_shops,
          nicolae_shop_waterfront
D:5:      tgw_trog, lemuel_crystal_altar
D:6:      okawaru_altar_gauntlet_db, minmay_temple_entry_junction,
          kennysheep_generic_room_14
D:7:      nicolae_overflow_crystal_walls, minitemple, basic_altar, uniq_menkaure
D:8:      nemelex_xobeh_ov_fountains_minmay, amethyst_overflow_temple_binary,
          erik_lair_orcish_takeover
Temple:   jpeg_temple_island
